 Dungeon Crawl Stone Soup version 0.29.1-15-g9cfb28693d (webtiles) character file.

Game seed: 1614922016395356818

77 Ape3scape the Trooper (level 4, -5/40 HPs)
             Began as a Ghoul Monk on Mar 6, 2023.
             Slain by a scorpion (6 damage)
             ... on level 5 of the Dungeon.
             The game lasted 00:19:16 (2173 turns).

Ape3scape the Trooper (Ghoul Monk)                  Turns: 2173, Time: 00:19:16

Health: -5/40      AC:  5    Str: 16    XL:     4   Next: 34%
Magic:  3/3        EV: 11    Int:  5    God:
Gold:   133        SH:  0    Dex: 11    Spells: 3/3 levels left

rFire   . . .      SeeInvis .   r - +1 dagger (vamp)
rCold   + . .      Faith    .   w - orb {mayhem}
rNeg    + + +      Spirit   .   t - +0 ring mail
rPois   ∞          Reflect  .   (no helmet)
rElec   .          Harm     .   (no cloak)
rCorr   .          Rampage  .   (no gloves)
Will    .....                   (no boots)
Stlth   +.........              (no amulet)
HPRegen 0.00/turn               y - ring of flight
MPRegen 0.08/turn               (no ring)

@: flying, inhibited regen
A: claws 1, cold resistance 1, negative energy resistance 3, inhibited
regeneration, torment resistance 2, devour on kill
a: no special abilities


You were on level 5 of the Dungeon.
You visited 1 branch of the dungeon, and saw 5 of its levels.

You collected 133 gold pieces.

Inventory:

Hand Weapons
 e - a +0 club
 g - a +2 dagger of freezing
 h - a +0 short sword
 i - a +0 dagger
 j - a +0 club
 k - a +0 short sword
 m - a +0 short sword
 n - a +0 whip
 o - a +0 short sword
 r - a +1 vampiric dagger (weapon)
 A - a +0 hand axe
 B - a +0 sling
Missiles
 s - 5 stones
Armour
 a - a +0 robe
 c - a +0 leather armour
 d - the +0 robe of the Maze {rC+ Str-2 Int+3}
   (You found it on level 5 of the Dungeon)

   Str:       It affects your strength (-2).
   Int:       It affects your intelligence (+3).
   rC:        It protects you from cold.
 t - a +0 ring mail (worn)
 w - an orb of mayhem (worn)
Jewellery
 y - a ring of flight (left claw)
Wands
 v - a wand of roots (3) (quivered)
 x - a wand of mindburst (10)
Scrolls
 f - a scroll of poison {unknown}
 p - a scroll of enchant armour {unknown}
 q - 3 scrolls of teleportation {unknown}
 u - a scroll of identify {unknown}
Potions
 b - a potion of ambrosia
 z - a potion of brilliance {unknown}
 C - a potion of lignification {unknown}
 D - a potion of resistance {unknown}


   Skills:
 + Level 3.8 Fighting
 * Level 1.0 Short Blades
 * Level 0.4 Throwing
 + Level 1.1 Armour
 + Level 3.1 Dodging
 + Level 2.5 Stealth
 - Level 3.7 Unarmed Combat


You had 3 spell levels left.
You didn't know any spells.
Your spell library contained the following spells:

 Spells                   Type           Power      Damage    Failure   Level
 Summon Guardian Golem    Hex/Summ       0%         N/A       97%         3
 Animate Dead             Necr           0%         N/A       100%        4
 Haunt                    Necr/Summ      0%         N/A       100%        7
 Orb of Destruction       Conj           0%         9d5       100%        7
 Spellforged Servitor     Conj/Summ      0%         N/A       100%        7
 Infestation              Necr           0%         N/A       100%        8


Dungeon Overview and Level Annotations

Branches:
Dungeon (5/15)
 Temple: D:4-7

Altars:


Innate Abilities, Weirdness & Mutations

You are immune to poison.
You have sharp fingernails.
Your flesh is cold resistant. (rC+)
You are immune to negative energy. (rN+++)
You do not regenerate when monsters are visible.
You are immune to unholy pain and torment.
You thrive by killing the living.


Message History

You hit the scorpion but do no damage.
The scorpion is heavily wounded.
The scorpion stings you. The scorpion barely misses you.
You barely miss the scorpion.
The scorpion is heavily wounded.
The scorpion closely misses you.
You barely miss the scorpion.
The scorpion is heavily wounded.
The scorpion stings you.
You completely miss the scorpion.
The scorpion is heavily wounded.
The scorpion closely misses you.
You closely miss the scorpion.
The scorpion is heavily wounded.
The scorpion stings you.
You hit the scorpion but do no damage.
The scorpion is heavily wounded.
The scorpion misses you.
You hit the scorpion but do no damage.
The scorpion is heavily wounded.
The scorpion stings you.
You hit the scorpion but do no damage.
The scorpion is heavily wounded.
The scorpion stings you.
You closely miss the scorpion.
The scorpion is heavily wounded.
The scorpion barely misses you. The scorpion stings you.
* * * LOW HITPOINT WARNING * * *
You closely miss the scorpion.
The scorpion is heavily wounded.
The scorpion stings you!
* * * LOW HITPOINT WARNING * * *
You closely miss the scorpion.
The scorpion is heavily wounded.
The scorpion stings you.
* * * LOW HITPOINT WARNING * * *
You closely miss the scorpion.
The scorpion is heavily wounded.
The scorpion stings you.
You die...

##.........
#..........
#..........
##.####..........
.........##..####
#..####.## ..#
### #.# ..#
.....####.###..#
......s@.[.....#
########.###.###
#.# # #.# #.# #.#
#.# #.# #.#


You could see a scorpion.

Vanquished Creatures
  A hound (D:4)
  3 dart slugs
  6 ball pythons
  8 bats
  2 endoplasms (D:4)
  4 giant cockroaches
  4 goblins
  4 kobolds
  2 quokkas (D:1)
  2 frilled lizards (D:1)
  2 rats
38 creatures vanquished.

Notes
Turn   | Place    | Note
-------+----------+-------------------------------------------
     0 | D:1      | Ape3scape the Ghoul Monk began the quest for the Orb.
     0 | D:1      | Reached XP level 1. HP: 19/19 MP: 0/0
   397 | D:1      | Reached XP level 2. HP: 14/26 MP: 1/1
   918 | D:1      | Reached XP level 3. HP: 33/33 MP: 2/2
  1903 | D:4      | Reached skill level 1 in Armour
  1903 | D:4      | Reached XP level 4. HP: 40/40 MP: 3/3
  2048 | D:4      | Reached skill level 1 in Short Blades
  2087 | D:5      | Entered Level 5 of the Dungeon
  2107 | D:5      | Identified the +0 robe of the Maze {rC+ Str-2 Int+3}
  2146 | D:5      | Noticed a scorpion
  2172 | D:5      | HP: 1/40 [scorpion (2)]
  2173 | D:5      | Slain by a scorpion

Illustrated notes

Levels and vault maps discovered:
D:1:      spicycebolla_green_bress_n_ham_2, layout_basic,
          hangedman_abyss_or_decor_lesser_grid, minmay_misc_feat_more_columns,
          hangedman_glass_teeth
D:2:      layout_basic, basic_ecumenical_altar
D:3:      layout_basic, minmay_door_square, uniq_grinder, uniq_sigmund
D:4:      layout_basic, doesnt_xom_only_xom, serial_glass, glass_columns_c,
          glass_columns_b, kennysheep_donut, nicolae_wormholes
D:5:      layout_loops_ring, makhleb_heckhound_becter, serial_shops,
          kennysheep_mini_moat

Skill      XL: |  1  2  3  4 |
---------------+-------------+-----
Dodging        | 3 |  3.1
Armour         | 1 |  1.1
Short Blades   | 1 |  1.0
Fighting       | |  3.8
Throwing       | |  0.4
Stealth        | |  2.5
Unarmed Combat | |  3.7

Action                   |  1- 3 |  4- 6 || total
-------------------------+-------+-------++-------
Melee: Unarmed           |    32 |       ||    32
       Punch             |     4 |       ||     4
       Dagger            |    70 |    23 ||    93
Throw: Stone             |     4 |       ||     4
Evoke: Wand              |     4 |     4 ||     8
  Use: Scroll            |     2 |       ||     2
       Potion            |     1 |     1 ||     2
Armor: Robe              |     5 |       ||     5
       Leather armour    |    16 |       ||    16
       Ring mail         |    10 |     1 ||    11
Dodge: Dodged            |    76 |    11 ||    87
